AoeStats
← Eugenius

MegaRandom

508884317Analyzed
4v4 RM · 9d ago on Sep 24, 2026· 44m 10s· 8 players
Game mode
Random Map
Map size
Large (8 player)
Population
200
Speed
Normal
Resources
Standard
Victory
Conquest
Starting age
Dark Age
Ending age
Imperial Age
RankedLock teamsTeams togetherTeam positionsShared explorationLock speedFull tech treeHidden civsTurbo modeCheats
Victory
Defeat
🇷🇺 Shu · Russia
1899
+5
🇧🇪 Dravidians · Belgium
1681
+12
🇻🇳 Vikings · Vietnam
1668
+13
1621
+14
🇨🇦 Italians · Canada
1693
-14
🇩🇰 Bulgarians · Denmark
1613
-11
1598
-11
🇦🇺 Portuguese · Australia
1517
-8
QNA | Apachai Hopachai
0:30 Loom
9:01 Feudal Age
13:19 Castle Age
12:40 Double-Bit Axe
13:01 Horse Collar
13:58 Fletching
17:34 Bodkin Arrow
31:21 Ballistics
31:55 Gold Mining
35:17 Imperial Age
33:47 Fortified Wall
34:18 Heavy Plow
34:29 Bow Saw
34:25 Stone Mining
35:48 Wheelbarrow
35:26 Capped Ram
37:49 Hand Cart
37:20 Town Watch
37:37 Bracer
38:39 Chemistry
37:33 Siege Ram
39:55 Elite Chu Ko Nu
41:17 Caravan
43:24 Conscription
B3RS3RK
0:35 Loom
8:12 Feudal Age
8:47 Double-Bit Axe
10:24 Town Watch
10:57 Gold Mining
11:39 Fletching
13:27 Horse Collar
17:57 Castle Age
18:09 Padded Archer Armor
19:08 Bow Saw
18:55 Bodkin Arrow
18:21 Crossbowman
25:50 Wheelbarrow
27:01 Hand Cart
28:22 Caravan
29:03 Ballistics
29:20 Leather Archer Armor
35:26 Imperial Age
33:02 Scale Barding Armor
33:08 Forging
33:28 Stone Mining
35:00 Light Cavalry
35:41 Husbandry
36:01 Chain Barding Armor
36:17 Iron Casting
35:51 Thumb Ring
36:18 Bracer
37:20 Chemistry
36:08 Arbalester
37:48 Conscription
38:16 Ring Archer Armor
40:01 Iron Casting
81danchoi
5:45 Loom
7:55 Feudal Age
8:27 Double-Bit Axe
9:28 Horse Collar
12:24 Scale Barding Armor
14:17 Forging
18:48 Castle Age
17:27 Gold Mining
18:49 Light Cavalry
20:25 Bow Saw
24:58 Heavy Plow
27:12 Gold Shaft Mining
26:43 Town Watch
33:03 Imperial Age
30:52 Stone Mining
31:39 Iron Casting
31:05 Scale Mail Armor
31:34 Squires
33:18 Chain Mail Armor
33:12 Elite Berserk
33:54 Chieftains
34:20 Bogsveigar
35:28 Plate Mail Armor
36:03 Blast Furnace
36:06 Conscription
36:41 Capped Ram
37:37 Siege Ram
39:22 Caravan
41:19 Ballistics
40:50 Fletching
41:12 Masonry
41:42 Arrowslits
43:43 Architecture
45:06 Hoardings
Eugenius
0:34 Loom
9:18 Feudal Age
12:53 Castle Age
11:41 Double-Bit Axe
12:34 Town Watch
12:47 Horse Collar
13:48 Bow Saw
21:30 Wheelbarrow
27:33 Imperial Age
25:27 Fletching
25:37 Padded Archer Armor
25:27 Fletching
25:38 Padded Archer Armor
25:43 Scale Mail Armor
25:53 Forging
26:47 Hand Cart
26:31 Gold Mining
26:32 Stone Mining
27:34 Chain Mail Armor
27:25 Fletching
28:25 Gold Shaft Mining
29:20 Two-Man Saw
29:15 Plate Mail Armor
29:06 Conscription
29:03 Elite White Feather Guard
31:15 Squires
31:01 Arson
31:32 Siege Engineers
31:08 Treadmill Crane
31:39 Masonry
35:16 Caravan
38:37 Hoardings
39:44 Coiled Serpent Array
40:31 Guilds
40:51 Coinage
Benitto Burrito
6:14 Loom
9:44 Feudal Age
14:18 Castle Age
12:27 Stone Mining
12:36 Double-Bit Axe
13:15 Fletching
15:37 Bodkin Arrow
21:54 Town Watch
27:04 Wheelbarrow
27:18 Gold Mining
27:40 Bow Saw
28:25 Stone Shaft Mining
37:05 Imperial Age
35:43 Thumb Ring
36:48 Ballistics
36:49 Padded Archer Armor
37:53 Caravan
38:18 Bracer
38:58 Elite Skirmisher
42:19 Light Cavalry
43:10 Bloodlines
43:12 Husbandry
44:30 Hand Cart
Thundernips, The Ultimate Gigolo
8:45 Feudal Age
9:40 Loom
9:46 Horse Collar
12:47 Castle Age
11:29 Double-Bit Axe
14:43 Wheelbarrow
19:46 Bow Saw
19:39 Heavy Plow
24:30 Hand Cart
25:05 Fletching
29:49 Imperial Age
27:48 Bodkin Arrow
28:33 Ballistics
28:16 Husbandry
28:28 Bloodlines
28:37 Padded Archer Armor
29:44 Leather Archer Armor
29:54 Masonry
30:30 Bracer
32:22 Chemistry
32:10 Heavy Mounted Crossbowman
32:43 Cranequins
36:25 Guilds
38:22 Conscription
38:50 Siege Engineers
39:12 Onager
40:31 Caravan
43:51 Hoardings
42:46 Sappers
Lord Longshaft
0:30 Loom
8:46 Feudal Age
9:43 Horse Collar
11:24 Double-Bit Axe
12:01 Forging
19:08 Wheelbarrow
21:50 Castle Age
21:13 Fletching
23:12 Bow Saw
23:33 Scale Barding Armor
24:18 Town Watch
26:39 Chain Barding Armor
27:01 Gold Mining
28:31 Iron Casting
28:32 Husbandry
29:15 Scale Mail Armor
30:01 Bloodlines
30:17 Bodkin Arrow
34:39 Chain Mail Armor
35:11 Hand Cart
42:01 Light Cavalry
Soma
9:01 Loom
10:46 Feudal Age
12:10 Double-Bit Axe
14:37 Castle Age
13:09 Padded Archer Armor
13:47 Fletching
15:31 Gold Mining
16:30 Elite Skirmisher
16:34 Crossbowman
18:33 Bodkin Arrow
20:34 Leather Archer Armor
21:28 Wheelbarrow
22:43 Town Watch
26:51 Ballistics
30:26 Thumb Ring
31:39 Hand Cart
31:05 Horse Collar
31:36 Bow Saw
38:47 Imperial Age
36:56 Bloodlines
36:47 Husbandry
37:50 Scale Barding Armor
37:56 Forging
38:23 Caravan
39:02 Chain Barding Armor
39:18 Iron Casting
38:54 Cavalier
40:57 Chemistry
42:05 Plate Barding Armor
Connection lost

Rejoining the realm…

Still unreachable

The connection could not be restored.

Session expired

The server has moved on; the page needs a fresh start.